 Seeded DCSS version 0.32-a0-886-g41c5271 (webtiles) character file.

Game seed: 4061798630863631340 (custom seed)

16 edsrzf the Sneak (level 2, 0/23 HPs)
             Began as a Barachi Brigand on Apr 2, 2024.
             Slain by an endoplasm (2 damage)
             ... on level 2 of the Dungeon.
             The game lasted 00:01:43 (787 turns).

edsrzf the Sneak (Barachi Brigand)                   Turns: 787, Time: 00:01:44

Health: 0/23       AC:  3    Str: 12    XL:     2   Next: 58%
Magic:  2/2        EV:  5    Int: 11    God:
Gold:   26         SH:  0    Dex: 13    Spells: 1/1 levels left

rFire   . . .        a - +2 dagger
rCold   . . .        (no shield)
rNeg    . . .        b - +0 robe
rPois   .            (no helmet)
rElec   .            c - +0 cloak
rCorr   .            (no gloves)
SInv    .            (no boots)
Will    .....        (no amulet)
Stlth   ++           (no ring)
HPRegen 0.23/turn    (no ring)
MPRegen 0.08/turn

%: no passive effects
@: held, slow
A: amphibious, slowness 1, strong legs 1, +LOS
a: Hop


You were on level 2 of the Dungeon.
You visited 1 branch of the dungeon, and saw 2 of its levels.

You collected 26 gold pieces.

Inventory:

Hand Weapons
 a - a +2 dagger (weapon)
Missiles
 d - 9 poisoned darts (quivered)
 e - 3 curare-tipped darts
Armour
 b - a +0 robe (worn)
 c - a +0 cloak (worn)
Scrolls
 g - 2 scrolls of identify {unknown}
 h - a scroll of teleportation {unknown}
Potions
 f - 2 potions of heal wounds {unknown}


   Skills:
 - Level 2.4 Fighting
 + Level 2.8 Short Blades
 - Level 2.0 Throwing
 - Level 1.1 Dodging
 + Level 4.0 Stealth


You had one spell level left.
You didn't know any spells.
Your spell library contained the following spells:

 Spells                   Type           Power      Damage    Failure   Level
 Magic Dart               Conj           0%         1d3       34%         1
 Slow                     Hex            0%         N/A       34%         1
 Blink                    Tloc           0%         N/A       47%         2
 Call Imp                 Summ           0%         N/A       47%         2
 Confusing Touch          Hex            0%         N/A       71%         3
 Vampiric Draining        Necr           0%         2d6       71%         3


Dungeon Overview and Level Annotations

Branches:
Dungeon (2/15)

Altars:


Innate Abilities, Weirdness & Mutations

You are amphibious.
You cover ground slowly.
You can hop short distances.
You have an extended range of vision and can be seen from far away.


Message History

You barely miss the hobgoblin. You hit the hobgoblin.
The hobgoblin is almost dead.
The hobgoblin misses you.
You hit the hobgoblin.
You kill the hobgoblin!
Your Stealth skill increases to level 4!
HP restored.
You see here a ball python corpse.
A frilled lizard is nearby!
Found a whip.
The frilled lizard misses you. The frilled lizard bites you.
You closely miss the frilled lizard. The frilled lizard closely misses you.
You barely miss the frilled lizard. You hit the frilled lizard.
You kill the frilled lizard!
No target in view!
g - 2 scrolls labelled RAN PORUTIAF (gained 1)
You see here 5 stones.
You see here a +0 whip.
You see here a +0 whip.
You see here 5 stones.
You see here a ball python corpse.
You see here a bat corpse.
Found a stone staircase leading down.
Found a stone staircase leading up.
An endoplasm comes into view.
Found 10 gold pieces and a leather armour.
The endoplasm quivers.
You completely miss the endoplasm. The endoplasm hits you.
You hit the endoplasm.
The endoplasm is heavily wounded.
The endoplasm freezes you.
You are frozen.
You barely miss the endoplasm.
The endoplasm is heavily wounded.
You hit the endoplasm.
You kill the endoplasm!
No target in view!
A ribbon worm comes into view.
The ribbon worm expels a string of sticky webbing.
The stream of webbing hits you but does no damage.
You are caught in a web!
There is a web here.
You struggle to detach yourself from the web.
You struggle to detach yourself from the web.
The ribbon worm expels a string of sticky webbing.
The stream of webbing hits you but does no damage.
You are even more entangled.
The web tears apart.
The ribbon worm barely misses you. The ribbon worm closely misses you.
You hit the ribbon worm.
The ribbon worm is moderately wounded.
You hit the ribbon worm.
The ribbon worm is moderately wounded.
The ribbon worm expels a string of sticky webbing.
The stream of webbing hits you but does no damage.
You are caught in a web!
The web tears apart.
The ribbon worm bites you.
You hit the ribbon worm but do no damage.
The ribbon worm is moderately wounded.
The ribbon worm closely misses you.
An endoplasm comes into view.
The endoplasm quivers.
You hit the ribbon worm.
The ribbon worm is moderately wounded.
You hit the ribbon worm but do no damage.
The ribbon worm is moderately wounded.
The ribbon worm bites you.
You hit the ribbon worm.
The ribbon worm is moderately wounded.
The ribbon worm bites you but does no damage.
You hit the ribbon worm.
The ribbon worm is heavily wounded.
You hit the ribbon worm but do no damage.
The ribbon worm is heavily wounded.
The ribbon worm bites you.
You hit the ribbon worm.
The ribbon worm is severely wounded.
The ribbon worm closely misses you.
You barely miss the ribbon worm.
The ribbon worm is heavily wounded.
The ribbon worm expels a string of sticky webbing.
The stream of webbing hits you but does no damage.
You are caught in a web!
You struggle to detach yourself from the web.
The endoplasm freezes you.
You are frozen.
* * * LOW HITPOINT WARNING * * *
You struggle to detach yourself from the web.
The ribbon worm bites you.
* * * LOW HITPOINT WARNING * * *
The endoplasm hits you but does no damage.
Okay, then.
Okay, then.
Okay, then.
You struggle to detach yourself from the web.
The ribbon worm barely misses you. The endoplasm hits you.
You die...

#.....### .# #.......## .#
##"....#.. .. ##.<...... .#
#.=.....# #.#
...##.####.....[.# ##..
............$....# #.[
......###...wJ...# #.#
.....#....##@....###<#
.......##.########...#
......###.# #....###
.>........# #.####
.........######.##
...........†..†..############
..######....†###......().....
####..........########
#..........########


You could see a ribbon worm and an endoplasm.

Vanquished Creatures
  A dart slug (D:1)
  A ball python (D:2)
  2 bats
  An endoplasm (D:2)
  A giant cockroach (D:1)
  A goblin (D:1)
  2 hobgoblins
  A quokka (D:1)
  A frilled lizard (D:2)
  A kobold (D:1)
12 creatures vanquished.

Notes
Turn   | Place    | Note
-------+----------+-------------------------------------------
     0 | D:1      | edsrzf the Barachi Brigand began the quest for the Orb.
     0 | D:1      | Reached XP level 1. HP: 17/17 MP: 1/1
   143 | D:1      | Reached XP level 2. HP: 17/23 MP: 2/2
   687 | D:2      | Reached skill level 4 in Stealth
   787 | D:2      | Slain by an endoplasm

Illustrated notes

Levels and vault maps discovered:
D:1:      dpeg_arrival_rooms_b, layout_loops_cross, serial_aquarium,
          aquarium_bridge_straight [aquarium_subvault_bridge,
          aquarium_subvault_window, aquarium_subvault_bridge,
          aquarium_subvault_wall], aquarium_bridge_straight
          [aquarium_subvault_bridge, aquarium_subvault_balcony,
          aquarium_subvault_bridge, aquarium_subvault_wall],
          aquarium_window_fake, aquarium_window_2, aquarium_window_fake,
          aquarium_view_2d, aquarium_view_2c
D:2:      layout_rooms, kennysheep_generic_room_12

Skill      XL: |  1  2 |
---------------+-------+-----
Stealth        | 4 |  4.0
Fighting       | |  2.4
Short Blades   | |  2.8
Throwing       | |  2.0
Dodging        | |  1.1

Action                     || total
---------------------------++-------
  Melee: Dagger            ||    45
  Throw: Dart              ||     2
   Stab: Sleeping          ||     3
 Armour: Robe              ||    20
  Dodge: Dodged            ||    28

Table legend: (Time is in decaauts)
 A = Elapsed time spent in this place.
 B = Non-inter-level travel time spent in this place.
 C = Inter-level travel time spent in this place.
 D = Time resting spent in this place.
 E = Time spent auto-exploring this place.
 F = Levels seen in this place.
 G = Mean time per level.
                   A        B        C        D        E       F      G
               +--------+--------+--------+--------+--------+-----+--------+
         Total |    914 |    890 |     24 |     22 |    703 |   2 |  457.0 |
       Dungeon |    914 |    890 |     24 |     22 |    703 |   2 |  457.0 |
               +--------+--------+--------+--------+--------+-----+--------+

Top non-repeatable levels by time:
     D:1: 777 daAuts
     D:2: 136 daAuts
